 Dungeon Crawl Stone Soup version 0.24.1-14-gf8d2b509d9 (webtiles) character file.

Game seed: 2647365822752342001, levelgen mode: deterministic

1444 Peloso the Slasher (level 8, -3/70 HPs)
             Began as a Minotaur Fighter on May 17, 2020.
             Killed from afar by an acid dragon (12 damage)
             ... with a splash of acid
             ... on level 6 of the Dungeon.
             The game lasted 00:08:45 (4662 turns).

Peloso the Slasher (Minotaur Fighter)               Turns: 4662, Time: 00:08:45

Health: -3/70      AC:  7    Str: 22    XL:     8   Next: 46%
Magic:  7/7        EV:  6    Int:  5    God:
Gold:   275        SH: 11    Dex: 11    Spells: 7/7 levels left

rFire    . . .     SeeInvis .   a - +3 falchion
rCold    . . .     Gourm    .   c - +0 shield
rNeg     . . .     Faith    .   m - +0 plate armour
rPois    .         Spirit   .   (helmet restricted)
rElec    .         Reflect  .   q - +0 cloak
rCorr    .         Harm     .   v - +0 pair of gloves
MR       .....                  (no boots)
Stlth    ..........             (no amulet)
HPRegen  0.21/turn              (no ring)
MPRegen  0.10/turn              (no ring)

@: corroded
A: retaliatory headbutt, horns 2
a: no special abilities


You were on level 6 of the Dungeon.
You were not hungry.

You visited 1 branch of the dungeon, and saw 6 of its levels.

You collected 275 gold pieces.

Inventory:

Hand Weapons
 a - a +3 falchion (weapon)
Armour
 b - a +0 scale mail
 c - a +0 shield (worn)
 m - a +0 plate armour (worn)
 q - a +0 cloak (worn)
 v - a +0 pair of gloves (worn)
Wands
 w - a wand of clouds (6)
 y - a wand of digging (5)
 z - a wand of flame (19)
 B - a wand of paralysis (9)
Scrolls
 e - 4 scrolls of identify {unknown}
 h - 4 scrolls of teleportation {unknown}
 i - a scroll of amnesia {unknown}
 j - 2 scrolls of noise {unknown}
 k - a scroll of remove curse {unknown}
 l - 3 scrolls of enchant weapon {unknown}
 o - a scroll of fog {unknown}
 r - a scroll of magic mapping {unknown}
 u - a scroll of enchant armour {unknown}
 A - 2 scrolls of random uselessness {unknown}
 D - a scroll of blinking {unknown}
Potions
 d - 2 potions of might
 g - a potion of magic
 n - 5 potions of curing {unknown}
 p - a potion of agility {unknown}
 s - a potion of degeneration {unknown}
 t - a potion of invisibility {unknown}
 x - a potion of haste {unknown}
Comestibles
 f - 14 rations
 C - 2 chunks of flesh


   Skills:
 + Level 5.9 Fighting
 + Level 7.7 Long Blades
 + Level 7.2 Armour
 + Level 2.0 Dodging
 + Level 7.0 Shields


You had 7 spell levels left.
You didn't know any spells.
Your spell library contained the following spells:

 Spells                   Type           Power        Failure   Level  Hunger
 Shock                    Conj/Air       #...         100%        1    ##.....
 Swiftness                Chrm/Air       #.......     100%        2    ###....
 Static Discharge         Conj/Air       #.......     100%        3    ####...
 Airstrike                Air            #.........   100%        4    #####..
 Lightning Bolt           Conj/Air       #.........   100%        5    ######.


Dungeon Overview and Level Annotations

Branches:
Dungeon (6/15)
 Temple: D:4-7

Altars:

Annotations:
D:3 3 runed translucent doors, Teivard's ghost, amateur HuTm


Innate Abilities, Weirdness & Mutations

You reflexively headbutt those who attack you in melee.
You have a pair of horns on your head.


Message History

* * * LOW HITPOINT WARNING * * *
The acid dragon claws you but does no damage.
You closely miss the acid dragon.
The acid dragon is severely wounded.
The acid dragon bites you.
* * * LOW HITPOINT WARNING * * *
You block the acid dragon's attack.
You slash the acid dragon!
The acid dragon is almost dead.
The acid dragon barely misses you.
You riposte.
Your plate armour prevents you from hitting the acid dragon.
Your headbutt misses the acid dragon.
The acid dragon is almost dead.
You block the acid dragon's attack.
Your plate armour prevents you from hitting the acid dragon.
You headbutt the acid dragon, but do no damage.
The acid dragon is almost dead.
The acid dragon spits acid at you. The splash of acid hits you!
You die...

### #. #.. .. .. #.
#.##.# #.# #. ##+#
#.##.# #.# #. ##...##
#.##.###.# #. ##.....##
#.##..##.# ##
##.......###.##..##.#
#.........##(#...##.####
+.$...D@..'.............
#.........##........####
##.......######..####
##.....## ##.# ##...##
#.# ##+# #.# #.# #.# #.#


You could see an acid dragon.

Vanquished Creatures
  An ice beast (D:5)
  A sky beast (D:6)
  An ogre (D:4)
  A phantom (D:5)
  A centaur (D:5)
  2 bullfrogs (D:6)
  A scorpion (D:5)
  2 howler monkeys
  A centaur zombie (D:3)
  2 hounds
  A centaur skeleton (D:6)
  4 orc priests
  An orc wizard (D:5)
  Ijyb (D:5)
  A bullfrog skeleton (D:4)
  4 worker ants
  A hound zombie (D:2)
  12 adders
  7 gnolls
  3 shadow imps
  3 oozes
  3 worms
  A dart slug (D:2)
  2 leopard geckos
  15 orcs
  8 bats
  5 giant cockroaches
  5 hobgoblins
  10 jackals
  7 kobolds
  2 quokkas (D:6)
  A ball python (D:4)
  7 frilled lizards
  12 goblins
  A leopard gecko skeleton (D:6)
  4 rats
134 creatures vanquished.

Notes
Turn   | Place    | Note
-------+----------+-------------------------------------------
     0 | D:1      | Peloso the Minotaur Fighter began the quest for the Orb.
     0 | D:1      | Reached XP level 1. HP: 19/19 MP: 0/0
    77 | D:1      | Reached XP level 2. HP: 27/27 MP: 1/1
   282 | D:1      | Reached XP level 3. HP: 32/33 MP: 2/2
   590 | D:2      | Found a faded altar of an unknown god.
   679 | D:2      | Reached XP level 4. HP: 24/40 MP: 3/3
  1234 | D:3      | Reached skill level 1 in Dodging
  1306 | D:3      | Reached XP level 5. HP: 37/46 MP: 4/4
  1499 | D:3      | Reached skill level 5 in Shields
  1785 | D:3      | Found a runed translucent gate.
  1785 | D:3      | Found a runed translucent gate.
  1785 | D:3      | Found a runed translucent gate.
  1785 | D:3      | Noticed Teivard's ghost (amateur HuTm)
  2318 | D:4      | Reached XP level 6. HP: 48/53 MP: 5/5
  2364 | D:4      | Reached skill level 5 in Armour
  2434 | D:4      | Reached skill level 5 in Long Blades
  2883 | D:4      | Reached XP level 7. HP: 52/60 MP: 6/6
  3064 | D:5      | Entered Level 5 of the Dungeon
  3075 | D:5      | Reached skill level 5 in Fighting
  3274 | D:5      | Reached XP level 8. HP: 41/70 MP: 7/7
  3379 | D:5      | Noticed Ijyb
  3392 | D:5      | Killed Ijyb
  4662 | D:6      | Killed from afar by an acid dragon

Levels and vault maps discovered:
D:1:      minmay_arrival_five_plusses, layout_basic
D:2:      layout_loops_cross, chequers_ecumenical_altar_simple_redux
D:3:      minmay_wonky_spiral, layout_loops_corners, ebering_ghost_rock_garden
D:4:      layout_basic, minmay_quantized
D:5:      layout_basic, first_ration, serial_bayou_lake_a, uniq_ijyb
D:6:      layout_loops_corners, serial_shops, kennysheep_little_box

Skill      XL: |  1  2  3  4  5  6  7  8 |
---------------+-------------------------+-----
Armour         | 4 5 6 7 |  7.2
Shields        | 4 5 6 7 |  7.0
Fighting       | 4 5 |  5.9
Long Blades    | 3 4 5 6 7 |  7.7
Dodging        | 1 2 |  2.0

Action                   |  1- 3 |  4- 6 |  7- 9 || total
-------------------------+-------+-------+-------++-------
Melee: Long sword        |    87 |   158 |   109 ||   354
       Headbutt          |    13 |    32 |    43 ||    88
       Falchion          |       |       |    86 ||    86
  Use: Potion            |     1 |     2 |       ||     3
  Eat: Chunk             |       |     7 |     6 ||    13
Armor: Scale mail        |    80 |    18 |       ||    98
       Plate armour      |       |    74 |   104 ||   178
Dodge: Dodged            |    33 |    46 |    30 ||   109
Block: Shield            |    61 |    88 |   109 ||   258
       Rpst.: Long sword |     6 |    11 |     5 ||    22
       Falchion          |       |       |     3 ||     3
